 Dungeon Crawl Stone Soup version 0.19.4-8-ga85b6b9 (webtiles) character file.

6179 empire the Fighter (level 10, -7/91 HPs)
             Began as a Minotaur Fighter on Feb 10, 2017.
             Was a Believer of Nemelex Xobeh.
             Mangled by Snorg (25 damage)
             ... on level 10 of the Dungeon.
             The game lasted 00:23:13 (8390 turns).

empire the Fighter (Minotaur Fighter)               Turns: 8390, Time: 00:23:14

Health: -7/91      AC: 15    Str: 35    XL:     10   Next: 60%
Magic:  12/12      EV: 19    Int:  5    God:    Nemelex Xobeh [**....]
Gold:   278        SH: 13    Dex: 16    Spells: 0 memorised, 9 levels left

rFire  + . .     SeeInvis .     a - +4 long sword
rCold  . . .     Gourm    .     E - +2 troll leather armour {Purgy}
rNeg   + + .     Faith    .     c - +0 shield
rPois  +         Spirit   .     (helmet restricted)
rElec  .         Reflect  .     u - +2 cloak
rCorr  .         Harm     .     m - +0 pair of gloves
MR     .....     NoTele   +     L - +2 pair of boots
Stlth  ++........               v - amulet of regeneration
                                P - ring of Quravyh {-Tele rPois rF+ rN++ Str+2}
                                o - +5 ring of strength

@: mighty, agile, very slightly contaminated, invisible
A: retaliatory headbutt, horns 2
a: Renounce Religion


You were on level 10 of the Dungeon.
You worshipped Nemelex Xobeh.
Nemelex Xobeh was pleased with you.
You were not hungry.

You visited 2 branches of the dungeon, and saw 11 of its levels.
You also visited: Sewer.

You collected 542 gold pieces.
You spent 264 gold pieces at shops.

Inventory:

Hand Weapons
 a - a +4 long sword (weapon)
 b - a +3 falchion of protection
 e - a +2 flail of protection
 C - a +3 morningstar
 M - a +3 falchion
Armour
 c - a +0 shield (worn)
 m - a +0 pair of gloves (worn)
 t - the +2 ring mail of Orthodoxy {SInv}
   (You found it on level 8 of the Dungeon)

   It lets you see invisible.
 u - a +2 cloak (worn)
 y - a +0 plate armour
 E - a +2 troll leather armour (worn) {Purgy}
 L - a +2 pair of boots (worn)
Jewellery
 o - a +5 ring of strength (left hand)
 s - an uncursed ring of flight
 v - an amulet of regeneration (around neck)
 x - an uncursed ring of wizardry
 F - an uncursed amulet of guardian spirit {unknown}
 P - the ring of Quravyh (right hand) {-Tele rPois rF+ rN++ Str+2}
   (You bought it in a shop on level 6 of the Dungeon)

   [ring of strength]

   It affects your strength (+2).
   It protects you from fire.
   It protects you from poison.
   It greatly protects you from negative energy.
   It prevents most forms of teleportation.
Wands
 j - a wand of lightning (3/15)
 D - a wand of paralysis (8/24)
 G - a wand of flame (25/48)
 K - a wand of iceblast (7/15)
 O - a wand of iceblast (7/15)
 S - a wand of flame (18/48)
Scrolls
 h - 4 scrolls of remove curse
 w - 4 scrolls of teleportation
Potions
 d - a potion of might
 i - a potion of resistance
 l - 3 potions of curing
 n - a potion of flight {unknown}
 p - a potion of berserk rage
 r - 2 potions of heal wounds
 B - 2 potions of agility
 H - 2 potions of cure mutation {unknown}
 N - a potion of magic {unknown}
 R - a potion of mutation {unknown}
Books
 J - a book of Cantrips

   Spells                             Type                      Level
   a - Confusing Touch                Hexes                        1
   b - Animate Skeleton               Necromancy                   1
   c - Summon Small Mammal            Summoning                    1
   d - Apportation                    Translocation                1
Miscellaneous
 k - a sack of spiders
 q - a plain deck of destruction
 Y - a plain deck of summoning {drawn: 2}
Comestibles
 f - 7 bread rations
 g - 7 meat rations
 z - 6 fruits
 I - 2 royal jellies
 Q - 6 chunks of flesh


   Skills:
 + Level 9.0 Fighting
 + Level 8.2 Long Blades
 + Level 8.6 Armour
 + Level 5.8 Dodging
 + Level 9.0 Shields
 + Level 3.5 Invocations
 + Level 5.3 Evocations


You had 9 spell levels left.
You didn't know any spells.

Dungeon Overview and Level Annotations

Branches:
Dungeon (10/15)            Temple (1/1) D:7
   Lair: D:8-11         Orc: D:9-12

Altars:
Ashenzari
Cheibriados
Dithmenos
Elyvilon
Fedhas
Gozag
Hepliaklqana
Kikubaaqudgha
Makhleb
Nemelex Xobeh
Okawaru
Qazlal
Ru
Sif Muna
Trog
Uskayaw
Vehumet
Xom
Yredelemnul
Zin
The Shining One

Shops:
D:6 *

Annotations:
D:10 Snorg


Innate Abilities, Weirdness & Mutations

You reflexively headbutt those who attack you in melee.
You have a pair of horns on your head.


Message History

You strike the helpless Snorg from behind!
You hit Snorg. You headbutt Snorg!
Snorg is moderately wounded.
You block Snorg's attack. x2; Snorg completely misses you.
You catch the helpless Snorg completely off-guard!
You slash Snorg! You headbutt Snorg!
Snorg is heavily wounded.
You block Snorg's attack. x2; Snorg misses you.
The killer bee barely misses you. You furiously retaliate!
You headbutt the killer bee!!
You kill the killer bee!
You closely miss Snorg.
Snorg is heavily wounded.
Snorg barely misses you.
You riposte.
The killer bee buzzes angrily.
You slice Snorg!! Your headbutt misses Snorg.
Snorg is heavily wounded.
You block Snorg's attack. x2; Snorg bites you!!
You die...
Your body disappears without a glow.

#..####........................#.
#..............................#
#.....#.....#..#################
#######.....#..#........
#...........#..#........
#...........####........
#..####.....#..#...... #.
#........#..#...##############
#..#######..#@T.#....<........
#..#........†...#.............
#..#............#.............
####..#..#...y.#...#.............
#.....#..#.....#...#.............
#........#.....#...#.............
####.....#.....#...#.......).....
#.....#..####..#...#......#######
#.....#....#...#...#.............


You could see Snorg (berserk) and a killer bee (wandering).

Vanquished Creatures
  A deep elf archer (D:8)
  A hill giant (D:10)
  Pikel (D:5)
  A kobold demonologist (D:10)
  Sigmund (D:6)
  A hungry ghost (D:6)
  Menkaure (D:6)
  An ice beast (D:7)
  A sky beast (D:7)
  Purgy (Sewer)
  An orc warrior (D:9)
  3 phantoms
  6 ogres
  A centaur (D:5)
  5 bullfrogs
  4 scorpions
  14 killer bees
  8 wights
  A howler monkey (D:5)
  2 crimson imps
  A quasit (D:10)
  Crazy Yiuf (D:3)
  A bullfrog skeleton (D:10)
  4 hounds
  A jelly (D:8)
  A centaur skeleton (D:6)
  A gnoll shaman (D:8)
  2 orc priests
  3 orc wizards
  6 worker ants
  2 iguanas
  3 worker ant zombies (D:5)
  11 gnolls
  11 adders
  4 shadow imps
  3 oozes
  An adder skeleton (D:6)
  2 adder zombies
  6 worms
  2 dart slugs
  4 leopard geckos
  25 orcs
  2 ball pythons
  4 bats
  8 giant cockroaches
  10 goblins
  6 hobgoblins
  7 jackals
  11 kobolds
  6 quokkas
  6 frilled lizards
  A jackal skeleton (D:6)
  2 leopard gecko skeletons
  5 rats
218 creatures vanquished.

Vanquished Creatures (collateral kills)
  A hill giant (D:10)
1 creature vanquished.

Vanquished Creatures (others)
  An orc priest (D:5)
  An adder skeleton (D:5)
  An orc (D:5)
3 creatures vanquished.

Grand Total: 222 creatures vanquished

Notes
Turn   | Place    | Note
-------+----------+-------------------------------------------
     0 | D:1      | empire the Minotaur Fighter began the quest for the Orb.
     0 | D:1      | Reached XP level 1. HP: 19/19 MP: 0/0
    93 | D:1      | Reached XP level 2. HP: 22/27 MP: 1/1
   806 | D:2      | Reached XP level 3. HP: 10/33 MP: 2/2
  1020 | D:2      | Reached XP level 4. HP: 34/40 MP: 3/3
  1909 | D:2      | Found a snail-covered altar of Cheibriados.
  2010 | D:2      | Found an ancient bone altar of Kikubaaqudgha.
  2231 | D:3      | Found a sacrificial altar of Ru.
  2259 | D:3      | Found a runed door.
  2263 | D:3      | Noticed Crazy Yiuf
  2271 | D:3      | Killed Crazy Yiuf
  2271 | D:3      | Reached skill level 5 in Shields
  2271 | D:3      | Reached XP level 5. HP: 44/47 MP: 4/4
  3178 | D:4      | Found a glowing drain.
  3212 | Sewer    | Entered a sewer
  3342 | Sewer    | Noticed Purgy
  3348 | Sewer    | Killed Purgy
  3348 | Sewer    | Reached skill level 5 in Fighting
  3348 | Sewer    | Reached XP level 6. HP: 51/56 MP: 5/5
  3398 | D:4      | Got a topaz-encrusted ring mail
  3408 | D:4      | Reached skill level 5 in Armour
  3955 | D:5      | Entered Level 5 of the Dungeon
  3990 | D:5      | Found a radiant altar of Vehumet.
  4011 | D:5      | Reached skill level 1 in Dodging
  4011 | D:5      | Reached skill level 1 in Evocations
  4026 | D:5      | Reached skill level 5 in Long Blades
  4026 | D:5      | Reached XP level 7. HP: 38/61 MP: 6/6
  4072 | D:5      | Identified the cursed +0 ring mail of Compression {MR+ Dex+4} (You found it on level 4 of the Dungeon)
  4099 | D:5      | Noticed Pikel
  4107 | D:5      | Killed Pikel
  4108 | D:5      | Reached XP level 8. HP: 50/70 MP: 8/8
  4547 | D:6      | Noticed Menkaure
  4554 | D:6      | Killed Menkaure
  4555 | D:6      | Noticed Sigmund
  4608 | D:6      | Killed Sigmund
  4692 | D:6      | Found a blossoming altar of Fedhas.
  4845 | D:6      | Found a glowing golden altar of the Shining One.
  4932 | D:6      | Found Jebrotaw's Assorted Antiques.
  4940 | D:6      | Bought a scroll of identify for 44 gold pieces
  4940 | D:6      | Bought a glittering marble ring for 110 gold pieces
  4940 | D:6      | Bought a scroll of identify for 44 gold pieces
  4940 | D:6      | Bought a scroll of remove curse for 66 gold pieces
  4940 | D:6      | Identified the ring of Quravyh {-Tele rPois rF+ rN++ Str+2} (You bought it in a shop on level 6 of the Dungeon)
  4949 | D:6      | Found an iron altar of Okawaru.
  4956 | D:6      | Reached XP level 9. HP: 79/79 MP: 10/10
  5457 | D:7      | Found a sparkling altar of Nemelex Xobeh.
  5469 | D:7      | Became a worshipper of Nemelex Xobeh the Trickster
  5605 | D:7      | Reached skill level 1 in Invocations
  5606 | D:7      | Received a gift from Nemelex Xobeh
  5667 | D:7      | Found a staircase to the Ecumenical Temple.
  5682 | Temple   | Entered the Ecumenical Temple
  5934 | D:7      | Found a faded altar of an unknown god.
  5934 | D:7      | Found a faded altar of an unknown god.
  5939 | D:7      | Found a bloodstained altar of Trog.
  5941 | D:7      | Found a faded altar of an unknown god.
  5943 | D:7      | Found a faded altar of an unknown god.
  6004 | D:7      | Reached * piety under Nemelex Xobeh
  6046 | D:7      | Found a hide-covered altar of Uskayaw.
  6048 | D:7      | Found a shadowy altar of Dithmenos.
  6051 | D:7      | Found a glowing silver altar of Zin.
  6116 | D:7      | Found a shimmering altar of Xom.
  6555 | D:8      | Received a gift from Nemelex Xobeh
  6568 | D:8      | Got a translucent ring mail
  6588 | D:8      | Identified the +2 ring mail of Orthodoxy {SInv} (You found it on level 8 of the Dungeon)
  6812 | D:8      | Noticed a deep elf archer
  6819 | D:8      | Killed a deep elf archer
  6945 | D:8      | Found a blossoming altar of Fedhas.
  6994 | D:9      | Reached skill level 5 in Dodging
  6994 | D:9      | Reached XP level 10. HP: 90/90 MP: 12/12
  7718 | D:10     | Entered Level 10 of the Dungeon
  7834 | D:10     | Noticed a hill giant
  7879 | D:10     | Killed a hill giant
  7879 | D:10     | Reached skill level 5 in Evocations
  8030 | D:10     | Reached ** piety under Nemelex Xobeh
  8175 | D:10     | Noticed a hill giant
  8183 | D:10     | Killed a hill giant
  8373 | D:10     | Noticed Snorg
  8390 | D:10     | Mangled by Snorg

Skill      XL: |  1  2  3  4  5  6  7  8  9 10 |
---------------+-------------------------------+-----
Fighting       | 4 5 6 7 8 9 |  9.0
Shields        | 4 5 6 7 8 9 |  9.0
Long Blades    | 3 4 5 6 7 8 |  8.2
Armour         | 4 5 6 7 8 |  8.6
Dodging        | 1 2 3 5 |  5.8
Evocations     | 1 2 3 4 5 |  5.3
Invocations    | 2 3 |  3.5

Action                   |  1- 3 |  4- 6 |  7- 9 | 10-12 || total
-------------------------+-------+-------+-------+-------++-------
Melee: Long sword        |    41 |    86 |       |    81 ||   208
       Headbutt          |     8 |    44 |    56 |    32 ||   140
       Falchion          |       |   141 |   261 |    39 ||   441
Evoke: Wand              |       |     1 |       |     1 ||     2
       Deck              |       |       |       |     2 ||     2
  Use: Potion            |     1 |       |     2 |     3 ||     6
       Scroll            |       |     8 |    13 |     6 ||    27
 Stab: Invisible         |       |       |       |     2 ||     2
  Eat: Chunk             |       |    10 |     8 |     5 ||    23
       Fruit             |       |       |     5 |       ||     5
Armor: Scale mail        |    23 |     8 |       |       ||    31
       Chain mail        |       |    96 |       |       ||    96
       Troll leather arm |       |    16 |    83 |    46 ||   145
Dodge: Dodged            |    19 |    67 |    92 |    65 ||   243
Block: Shield            |    29 |   127 |   152 |    93 ||   401
       Rpst.: Long sword |     4 |     4 |       |    10 ||    18
       Falchion          |       |    17 |    21 |     5 ||    43
